 Dungeon Crawl Stone Soup version 0.26.1-11-gd32895ea62 (webtiles) character file.

Game seed: 16836278113261156706

266 Bergy the Cudgeller (level 6, -15/37 HPs)
             Began as a Gargoyle Fighter on July 12, 2021.
             Demolished by an ogre
             ... wielding a +0 giant club
              (28 damage)
             ... on level 3 of the Dungeon.
             The game lasted 00:12:59 (3266 turns).

Bergy the Cudgeller (Gargoyle Fighter)              Turns: 3266, Time: 00:13:00

Health: -15/37     AC: 11    Str: 21    XL:     6   Next: 20%
Magic:  6/6        EV:  5    Int:  8    God:
Gold:   101        SH: 14    Dex: 10    Spells: 5/5 levels left

rFire    . . .     SeeInvis .   a - +0 flail
rCold    . . .     Faith    .   l - +0 tower shield
rNeg     + . .     Spirit   .   b - +0 scale mail
rPois    ∞         Reflect  .   (no helmet)
rElec    +         Harm     .   (no cloak)
rCorr    .         Rampage  .   (no gloves)
Will     .....                  (no boots)
Stlth    ..........             (no amulet)
HPRegen  0.12/turn              (no ring)
MPRegen  0.10/turn              (no ring)

@: no status effects
A: negative energy resistance 1, electricity resistance, unbreathing,
petrification resistance, miasma immunity, AC +4
a: no special abilities


You were on level 3 of the Dungeon.
You visited 1 branch of the dungeon, and saw 3 of its levels.

You collected 101 gold pieces.

Inventory:

Hand Weapons
 a - a +0 flail (weapon)
Armour
 b - a +0 scale mail (worn)
 l - a +0 tower shield (worn)
Jewellery
 e - a +6 ring of intelligence
Scrolls
 c - a scroll of remove curse {unknown}
 f - 4 scrolls of identify
 h - 2 scrolls of magic mapping {unknown}
 i - a scroll of blinking {unknown}
 k - a scroll of enchant weapon {unknown}
 m - a scroll of fear {unknown}
 n - a scroll of teleportation {unknown}
 o - a scroll of fog {unknown}
Potions
 d - a potion of might
 g - a potion of curing {unknown}
 j - a potion of ambrosia {unknown}


   Skills:
 - Level 3.2 Fighting
 * Level 6.0 Maces & Flails
 - Level 3.2 Armour
 + Level 3.8 Shields


You had 5 spell levels left.
You didn't know any spells.
Your spell library was empty.

Dungeon Overview and Level Annotations

Branches:
Dungeon (3/15)

Altars:
Ashenzari
Elyvilon


Innate Abilities, Weirdness & Mutations

You are resistant to torment.
Your stone body is resilient. (AC +4)
You are immune to poison.
You resist negative energy. (rN+)
You are resistant to electric shocks. (rElec)
You can survive without breathing.
You are immune to petrification.
You are immune to miasma.


Message History

The bat is moderately wounded.
You block the bat's attack.
You miss the bat. You block the bat's attack.
The bat hits you but does no damage.
You sock the bat!
You kill the bat!
No target in view!
An ogre comes into view. It is wielding a +0 giant club.
The ogre shouts!
You hear an angry hiss.
You hit the ogre but do no damage. You block the ogre's attack.
The ogre hits you with a +0 giant club!!
Ouch! That really hurt!
You sock the ogre!
The ogre is heavily wounded.
You block the ogre's attack.
You hit the ogre but do no damage.
The ogre is heavily wounded.
The ogre hits you with a +0 giant club!!
Ouch! That really hurt!
You die...

..........# ...#
#..........# ....#
#..........## ....#
#..................
#........... ......
#........###......
##................#
##..........O..#...#
#...........@...# #
#...).†.........#
#...)†..........#
#...)...........# .._...
#...............# ..#...
#....(..........##..#..#
##...(.........##..###.#
##..(..#.....###..###.#
. ###(##########...###.#
#.


You could see an ogre.

Vanquished Creatures
  An orc priest (D:3)
  Natasha (thrice) (D:3)
  3 gnolls
  5 adders (D:2)
  An ooze (D:2)
  2 worms
  3 leopard geckos
  9 orcs
  4 giant cockroaches
  5 goblins
  5 hobgoblins
  4 jackals (D:2)
  2 quokkas
  2 ball pythons (D:1)
  4 bats
  6 frilled lizards
  7 kobolds
  8 rats
74 creatures vanquished.

Vanquished Creatures (others)
  7 plants (D:3)
7 creatures vanquished.

Grand Total: 81 creatures vanquished

Notes
Turn   | Place    | Note
-------+----------+-------------------------------------------
     0 | D:1      | Bergy the Gargoyle Fighter began the quest for the Orb.
     0 | D:1      | Reached XP level 1. HP: 14/14 MP: 1/1
   198 | D:1      | Reached XP level 2. HP: 19/19 MP: 2/2
   387 | D:1      | Reached skill level 3 in Maces & Flails
  1027 | D:2      | Reached XP level 3. HP: 20/23 MP: 3/3
  1100 | D:2      | Noticed Natasha
  1124 | D:3      | Killed Natasha
  1125 | D:3      | Reached skill level 4 in Maces & Flails
  1125 | D:3      | Reached XP level 4. HP: 8/28 MP: 4/4
  2267 | D:3      | Noticed Natasha
  2279 | D:2      | Reached skill level 5 in Maces & Flails
  2279 | D:2      | Reached XP level 5. HP: 20/32 MP: 5/5
  2439 | D:3      | Found a white marble altar of Elyvilon.
  2817 | D:3      | Killed Natasha
  3009 | D:3      | Found a broken altar of Ashenzari.
  3052 | D:3      | Reached XP level 6. HP: 37/37 MP: 6/6
  3068 | D:3      | Noticed Natasha
  3097 | D:3      | Killed Natasha
  3098 | D:3      | Reached skill level 6 in Maces & Flails
  3266 | D:3      | Demolished by an ogre

Illustrated notes

Levels and vault maps discovered:
D:1:      zelgadis_glass_arrival_small, layout_loops_ring
D:2:      minmay_chambers_of_twos, layout_basic, uniq_natasha
D:3:      layout_rooms, cheibrodos_ashenzari_chains, elyvilon_altar_1,
          nicolae_overflow_hidden_temple, fedhas_ov_isle_minmay

Skill      XL: |  1  2  3  4  5  6 |
---------------+-------------------+-----
Maces & Flails | 3 4 5 6 |  6.0
Fighting       | |  3.2
Armour         | |  3.2
Shields        | |  3.8

Action                   |  1- 3 |  4- 6 || total
-------------------------+-------+-------++-------
Melee: Flail             |   117 |   184 ||   301
  Use: Scroll            |       |     2 ||     2
Armor: Scale mail        |    59 |    89 ||   148
Dodge: Dodged            |    47 |    32 ||    79
Block: Kite shield       |    82 |    29 ||   111
       Tower shield      |       |   106 ||   106
